 Dungeon Sprint DCSS version 0.21.1-1-g345015f (webtiles) character file.

20 Fang the Skirmisher (level 2, -1/30 HPs)
             Began as a Gargoyle Berserker on June 28, 2018.
             Was a Priest of Trog.
             Slain by a fire bat (9 damage)
             ... in the Dungeon (Sprint VII: "The Pits").
             The game lasted 00:00:41 (434 turns).

Fang the Skirmisher (Gargoyle Berserker)             Turns: 434, Time: 00:00:42

Health: -1/30      AC:  5    Str: 25    XL:     2   Next: 79%
Magic:  2/2        EV: 12    Int:  7    God:    Trog [***...]
Gold:   0          SH:  0    Dex:  9    Spells: 1/1 levels left

rFire    . . .     SeeInvis .   j - +2 hand axe
rCold    . . .     Gourm    .   (no shield)
rNeg     + . .     Faith    .   b - +0 animal skin
rPois    ∞         Spirit   .   (no helmet)
rElec    +         Reflect  .   (no cloak)
rCorr    .         Harm     .   (no gloves)
MR       .....     NoTele   +   (no boots)
Stlth    ..........             (no amulet)
HPRegen  0.10/turn              (no ring)
MPRegen  0.08/turn              (no ring)

@: berserking, very quick
A: negative energy resistance 1, electricity resistance, unbreathing,
petrification resistance, rot immunity, AC +2
a: Berserk, Trog's Hand, Burn Spellbooks, Renounce Religion


You were in the Dungeon.
You worshipped Trog.
Trog was most pleased with you.
You were hungry.

You visited 1 branch

Inventory:

Hand Weapons
 j - a +2 hand axe (weapon)
Armour
 b - a +0 animal skin (worn)
Scrolls
 i - a scroll of blinking
 k - 3 scrolls of remove curse
 l - a scroll of summoning
Potions
 a - 2 potions of invisibility
 d - a potion of curing
 e - a potion of heal wounds
 f - a potion of haste
 g - 4 potions of magic
 h - 3 potions of berserk rage
Comestibles
 c - 9 rations


   Skills:
 + Level 4.9 Fighting
 + Level 4.0 Axes
 + Level 3.0 Armour
 + Level 2.1 Dodging


You had one spell level left.
You didn't know any spells.

Dungeon Overview and Level Annotations

Branches:
Dungeon (1/1)

Altars:
Cheibriados
Dithmenos
Elyvilon
Fedhas
Gozag
Hepliaklqana
Makhleb
Nemelex Xobeh
Okawaru
Qazlal
Ru
Sif Muna
Trog
Vehumet
Wu Jian
Xom
Yredelemnul
Zin
The Shining One
Beogh
Jiyva
Lugonu


Innate Abilities, Weirdness & Mutations

You are resistant to torment.
Your stone body is resilient. (AC +2)
You are immune to poison.
You resist negative energy. (rN+)
You are resistant to electric shocks. (rElec)
You can survive without breathing.
You are immune to petrification.
You are immune to rotting.


Message History

The bat barely misses you.
Unknown command.
You slash the fire bat!
The fire bat is moderately wounded.
You slash the frilled lizard!
You kill the frilled lizard!
Trog accepts your kill.
You slash the rat!
You feel the power of Trog in you as your rage grows.
You kill the rat!
Trog accepts your kill.
Your Armour skill increases to level 3!
You miss the bat. The fire bat bites you.
You are engulfed in flames.
The bat hits you but does no damage.
You slash the fire bat!
The fire bat is severely wounded.
The fire bat bites you.
You are engulfed in flames.
The fire bat bites you.
* * * LOW HITPOINT WARNING * * *
You are engulfed in flames!
You die...

#.?(.')))'.##......#..
##########.##.÷.......
#...........'.........
#+#####†#####......#..
#..#.).'.##.........
#..#...#.#####'#####
#..#####.##.......#
#..†...#.##.......#
#.b@...).##.......#
#.b########...<...#
#.. #.......# #..
#.......# ###
#.......# #########


You could see a fire bat and a bat.

Vanquished Creatures
  A gnoll (D)
  An orc (D)
  A bat (D)
  A giant cockroach (D)
  3 jackals (D)
  A frilled lizard (D)
  A rat (D)
9 creatures vanquished.

Notes
Turn   | Place    | Note
-------+----------+-------------------------------------------
     0 | D        | Fang the Gargoyle Berserker began the quest for the Orb.
     0 | D        | Reached XP level 1. HP: 14/14 MP: 1/1
    22 | D        | Found a bloodstained altar of Trog.
    22 | D        | Found a deep blue altar of Sif Muna.
    22 | D        | Found a viscous altar of Jiyva.
    22 | D        | Found a hazy altar of Hepliaklqana.
    22 | D        | Found an opulent altar of Gozag.
    23 | D        | Found a glowing golden altar of the Shining One.
    23 | D        | Found a glowing silver altar of Zin.
    23 | D        | Found a basalt altar of Yredelemnul.
    23 | D        | Found a shimmering altar of Xom.
    23 | D        | Found an ornate altar of the Wu Jian Council.
    23 | D        | Found a sacrificial altar of Ru.
    23 | D        | Found a stormy altar of Qazlal.
    23 | D        | Found an iron altar of Okawaru.
    23 | D        | Found a sparkling altar of Nemelex Xobeh.
    23 | D        | Found a burning altar of Makhleb.
    23 | D        | Found a blossoming altar of Fedhas.
    23 | D        | Found a white marble altar of Elyvilon.
    23 | D        | Found a shadowy altar of Dithmenos.
    23 | D        | Found a snail-covered altar of Cheibriados.
    25 | D        | Found a radiant altar of Vehumet.
    25 | D        | Found a corrupted altar of Lugonu.
    25 | D        | Found a roughly hewn altar of Beogh.
    68 | D        | Reached ** piety under Trog
    68 | D        | Reached XP level 2. HP: 13/20 MP: 2/2
   252 | D        | Reached *** piety under Trog
   431 | D        | Noticed a fire bat
   434 | D        | Slain by a fire bat

Skill      XL: |  1  2 |
---------------+-------+-----
Axes           | 3 4 |  4.0
Fighting       | 4 |  4.9
Dodging        | 2 |  2.1
Armour         | 3 |  3.0

Action                   || total
-------------------------++-------
Melee: Hand axe          ||    18
Invok: Berserk           ||     3
Armor: Animal skin       ||     4
Dodge: Dodged            ||    12
